[Event "*** Titled Tuesday Blitz AM"]
[Site "Chess.com"]
[Date "2020.01.07"]
[Round "3"]
[White "Genghis_K"]
[Black "mbojan"]
[Result "1/2-1/2"]
[WhiteElo "2884"]
[BlackElo "2710"]
[TimeControl "180+2"]
[EndTime "9:39:11 PST"]
[Termination "Game drawn by agreement"]

1. Nf3 g6 2. e4 Bg7 3. d4 d6 4.
Bc4 e6 5. O-O Ne7 6. Bb3 b6 7.
c3 Bb7 8. Re1 Nd7 9. Nbd2 h6 10.
Nf1 a6 11. Ng3 Kf8 12. h3 Kg8 13. Be3 Nf6 14. Bc2 Qd7 15. Qe2 Rd8 16. Rad1 Qc8 17. e5 Nfd5 18. Bc1 b5 19. a4 Nb6 20. axb5 axb5 21.
Ne4 Bc6 22. b3 Bxe4 23. Bxe4 Nbd5 24. Bd2 Qb8 25. c4 Nb6 26. Bc2 bxc4 27. bxc4 d5 28. c5 Nc4 29. Bc3 Nc6 30. Bd3 Qb3 31. Ba1 Ra8 32.
Bxc4 Qxc4 33. Qxc4 dxc4 34. Nd2 Kh7 35. Nxc4 Rhd8 36. Ne3 Nb4 37. Bc3 Na2 38. Bb2 Rab8 39. Re2 Rb5 40. Red2 Nb4 41. Bc3 Nd5 42. Nxd5 Rxd5 43.
Kf1 Rb3 44. Ba1 Ra3 45. Ke2 h5 46. Bb2 Rb3 47. Rc2 f6 48. exf6 Bxf6 49. Rd3 Rb4 50. Rcd2 c6 51. g3 Kg7 52. f4 Kf7 53. Bc3 Rc4 54. Ke3 g5 55. Rb2 gxf4+ 56. gxf4 Rxc3 57.
Rb7+ Kg6 58. Rxc3 Bxd4+ 59. Kd3 Bxc3+ 60. Kxc3 Rxc5+ 61. Kd4 Rd5+ 62. Ke4 c5 63. Rc7 Kf6 64. Rc8 Rd4+ 65. Ke3 Ra4 66. Rxc5 Ra3+ 67. Ke4 Rxh3 68. Ra5 Rh1 69. Kf3 Rf1+ 70. Kg3 h4+ 71. Kxh4 Rxf4+ 72. Kg3 Rf5 73. Rxf5+ 1/2-1/2

[Event "*** Titled Tuesday Blitz AM"]
[Site "Chess.com"]
[Date "2020.01.07"]
[Round "3"]
[White "Kubas1010"]
[Black "liczner"]
[Result "0-1"]
[WhiteElo "2623"]
[BlackElo "2824"]
[TimeControl "180+2"]
[EndTime "9:39:13 PST"]
[Termination "liczner won by checkmate"]

1. d4 Nf6 2. c4 g6 3. Nc3 d5 4. cxd5 Nxd5 5. e4 Nxc3 6. bxc3 Bg7 7. Nf3 c5 8. h3 O-O 9. Be2 cxd4 10. cxd4 Nc6 11.
Be3 f5 12. O-O fxe4 13. Bc4+ e6 14. Ng5 Nxd4 15. a4 h6 16. Nxe4 Nf5 17. Qxd8 Rxd8 18. Rad1 Bd7 19. Rxd7 Rxd7 20. Bxe6+ Rf7 21. Rc1 Re8 22.
Bxf7+ Kxf7 23. Rc7+ Kg8 24. Rc4 Nxe3 25. fxe3 Be5 26.
Kf2 Kf7 27. Nc5 Re7 28. Nd3 Bd6 29. g4 Rc7 30. Rd4 Ke6 31. Kf3 g5 32. Re4+ Kd5 33. Rd4+ Ke6 34. Re4+ Kf6 35. Rd4 Rc6 36. e4 Ke6 37. e5 Be7 38. Ke4 a6 39. h4 b5 40.
axb5 axb5 41. h5 Rc2 42. Kf3 Rc8 43. Ke4 Rc3 44. Rd5 b4 45. Rb5 Rc4+ 46. Kf3 Rd4 47. Rb6+ Kd5 48. Ke3 Re4+ 49. Kd2 Rxg4 50. Rxh6 Kd4 51.
Ke2 Rh4 52. Re6 Rh2+ 53. Nf2 Bc5 54. Kf3 Rxf2+ 55. Kxf2 Kd5+ 56. Kf3 Kxe6 57. h6 Bd4 58. Kg4 Bxe5 59. Kxg5 b3 60. Kg6 b2 61. Kh7 b1=Q+ 62.
Kg8 Qg6+ 63. Kf8 Bd6# 0-1

[Event "*** Titled Tuesday Blitz AM"]
[Site "Chess.com"]
[Date "2020.01.07"]
[Round "3"]
[White "FedaMaster"]
[Black "bascheyaro"]
[Result "0-1"]
[WhiteElo "2439"]
[BlackElo "2693"]
[TimeControl "180+2"]
[EndTime "9:39:14 PST"]
[Termination "bascheyaro won by resignation"]

1. e4 e6 2. d4 d5 3. exd5 exd5 4.
Nf3 Nf6 5. Bd3 c5 6. O-O c4 7.
Re1+ Be7 8. Be2 O-O 9. b3 cxb3 10.
axb3 Nc6 11. c4 Bf5 12. Nc3 Bb4 13. Bb2 Re8 14. c5 Ne4 15. Qc1 Qf6 16. Nxd5 Qd8 17. Nxb4 Nxb4 18. Bc4 Nf6 19. Rxe8+ Qxe8 20. Qf4 Be6 21.
Re1 Nbd5 22. Qd6 Rd8 23. Qg3 h6 24. h3 b5 25. Bf1 a5 26. Ne5 a4 27. c6 axb3 28.
Bxb5 Rb8 29. Bc4 Qc8 30. Bxd5 Bxd5 31. Nd7 Nxd7 32. cxd7 Qf8 33. Qc7 Ra8 34. f3 Be6 35. Bc3 Qd8 36. Qxd8+ Rxd8 37. d5 Bxd7 38. d6 Be6 39.
Bb4 f6 40. Ba3 Kf7 41. Rc1 Ra8 42. Rc7+ Kg6 43. Bb2 Ra2 44. Bd4 Rd2 45. Bc3 Rxd6 46. Rb7 Rd3 47. Bb2 Rd1+ 48. Kh2 Bd5 49. Rd7 Bxf3 50.
Rxd1 Bxd1 51. g4 h5 52. Kg3 Be2 53. Kf4 Bf1 54. Kg3 Kh6 55. h4 Kg6 56. Kf4 hxg4 57. Kxg4 Be2+ 58. Kf4 Bd1 59. Bc3 Kh5 60. Kg3 Bc2 61.
Bb2 Be4 62. Bc3 Bd5 63. Bb2 Kg6 64. Kg4 Bc4 65. Kf4 Be2 66. Bc3 Bd1 67. Bb2 Kf7 68.
Kf5 Bc2+ 69. Kf4 Ke6 70. Ba1 Kd5 71. Ke3 Bd1 72. Bb2 Bh5 73. Bc3 Kc4 74. Bb2 g5 75.
hxg5 fxg5 76. Bf6 Be8 77. Kd2 g4 78. Be5 Kd5 79. Bc7 Ke4 80. Kc3 Bf7 81. Kb2 Kf3 82.
Kc3 0-1

[Event "*** Titled Tuesday Blitz AM"]
[Site "Chess.com"]
[Date "2020.01.07"]
[Round "3"]
[White "Leonid_Starozhilov"]
[Black "Flawless_Fighter"]
[Result "1-0"]
[WhiteElo "2704"]
[BlackElo "2450"]
[TimeControl "180+2"]
[EndTime "9:39:20 PST"]
[Termination "Leonid_Starozhilov won by resignation"]

1. Nf3 Nf6 2. c4 e6 3. g3 d5 4. b3 Be7 5. Bb2 O-O 6. Bg2 b6 7. O-O Bb7 8. d3 c5 9. Ne5 Nbd7 10. Nd2 Nxe5 11. Bxe5 Rc8 12. e3 Nd7 13. Bb2 Bf6 14. Qc2 Bxb2 15. Qxb2 Qf6 16. Qxf6 Nxf6 17. Rfd1 Rfd8 18.
Kf1 Rc7 19. a3 h6 20. Rac1 Kf8 21. Bf3 Rcd7 22. Ke2 g5 23. cxd5 Bxd5 24. Bxd5 Rxd5 25. Nc4 g4 26. Ra1 Nd7 27. b4 Ke7 28. b5 Rh5 29. Rh1 Ne5 30. Nxe5 Rxe5 31. h3 h5 32. hxg4 hxg4 33. Rh4 Red5 34. Rd1 c4 35. Rxg4 cxd3+ 36. Kf3 Rf5+ 37. Kg2 Rxb5 38. Rc4 Rd7 39. Rd2 Rb3 40. a4 Ra3 41. Kf3 a6 42. g4 Rd5 43. Ke4 Kd6 44.
f4 f5+ 45. Kf3 fxg4+ 46. Kxg4 Ra1 47. e4 Rc5 48. Rxd3+ Kc6 49. Rcd4 a5 50. Rd6+ Kb7 51. Rxe6 Rxa4 52. f5 Ra1 53. Rf3 Rg1+ 54. Kf4 a4 55. f6 Rc8 56. Re7+ Ka6 57. e5 b5 58. f7 Rf8 59. e6 Rg7 60. Ke5 b4 61. Re8 Rfxf7 1-0

[Event "*** Titled Tuesday Blitz AM"]
[Site "Chess.com"]
[Date "2020.01.07"]
[Round "3"]
[White "olksuna"]
[Black "SHIVACalypso"]
[Result "1-0"]
[WhiteElo "2586"]
[BlackElo "2275"]
[TimeControl "180+2"]
[EndTime "9:39:21 PST"]
[Termination "olksuna won by resignation"]

1. c4 Nf6 2. Nc3 e5 3. g3 g6 4. Bg2 Bg7 5. Nf3 Nc6 6. O-O O-O 7. d3 d6 8. Rb1 a5 9. a3 h6 10. b4 axb4 11. axb4 Be6 12. b5 Ne7 13. Bb2 Qd7 14.
Re1 Bh3 15. Bh1 Ng4 16. d4 exd4 17. Nxd4 Nf5 18. Nd5 Rae8 19. Nf4 Nxd4 20. Bxd4 Ne5 21. Bxb7 g5 22. Nh5 Bh8 23. Bxe5 Bxe5 24. e3 Qf5 25. Qf3 Bg4 26. Qxf5 Bxf5 27. f3 Bxb1 28. Rxb1 f5 29. Kf2 Kh7 30. h3 Bc3 31. g4 Kg6 32. Ng3 fxg4 33.
hxg4 Bd2 34. Be4+ Kg7 35. Rh1 Bc3 36. Nf5+ Rxf5 37. Bxf5 Bb4 38. Be4 Bc5 39. Rd1 Rf8 40. Rd5 Re8 41. Ke2 Kf6 42. Rf5+ Kg7 43. Rd5 Rb8 44.
Rd2 Rf8 45. Ra2 Re8 46. Ra6 Bb6 47. Kd3 Rf8 48. Ra3 Bc5 49. Ra2 Bb6 50. Bf5 Re8 51.
e4 Kf6 52. Rh2 Rh8 53. Ke2 Ke5 54. Rh1 Kf4 55. Rd1 Ke5 56. Rd5+ Kf6 57. Bd7 Rd8 58. Bc6 Kg7 59. e5 Bc5 60. Kd3 Rf8 61. exd6 Rxf3+ 62. Kd2 cxd6 63. Rxc5 Rf2+ 64. Ke3 Rf4 65. Rd5 Rxc4 66.
Rxd6 Rxg4 67. b6 Rb4 68. b7 g4 69. Rd8 Rb3+ 70. Kf4 1-0

[Event "*** Titled Tuesday Blitz AM"]
[Site "Chess.com"]
[Date "2020.01.07"]
[Round "3"]
[White "adriangschnitzer"]
[Black "Generalas"]
[Result "1/2-1/2"]
[WhiteElo "2547"]
[BlackElo "2220"]
[TimeControl "180+2"]
[EndTime "9:39:25 PST"]
[Termination "Game drawn - insufficient material"]

1. c4 c5 2. Nf3 Nf6 3. Nc3 d5 4.
cxd5 Nxd5 5. e3 Nc6 6. Bb5 Nb4 7.
O-O a6 8. Bxc6+ Nxc6 9. d4 e6 10. d5 exd5 11. Nxd5 Bd6 12. e4 O-O 13. Bg5 f6 14. Be3 Bg4 15. h3 Bh5 16. Rc1 Nd4 17. Bxd4 cxd4 18. Qxd4 Bxf3 19. gxf3 Be5 20. Qb6 Qxb6 21.
Nxb6 Rad8 22. Rc2 f5 23. Kg2 Bd4 24. Nd5 Rd6 25. Rd1 Rg6+ 26. Kf1 Bf6 27. e5 Bh4 28. f4 Rd8 29. Ne3 Rxd1+ 30. Nxd1 Rb6 31. Ne3 g6 32. Ke2 Be7 33. Nd5 Re6 34. Nxe7+ Rxe7 35. Kd3 Kf7 36. Rc8 Rd7+ 37. Kc4 Ke6 38. Kc5 Rd5+ 39. Kb6 Rb5+ 40. Kc7 Rxb2 41. Re8+ Kf7 42. Rh8 b5 43. Rxh7+ Ke6 44. Rg7 Rc2+ 45. Kd8 Rxf2 46. Rxg6+ Kf7 47.
Rf6+ Kg7 48. Rxf5 Rxa2 49. e6 Rd2+ 50. Ke8 b4 51. Ra5 Rd6 52. e7 b3 53. Ra3 Rb6 54. Kd7 Rb7+ 55. Kd8 Rb8+ 56. Kc7 Re8 57. Kd7 Kf7 58.
Rxb3 Rxe7+ 59. Kd6 Re4 60. Rf3 Kf6 61. f5 a5 62. Ra3 Re5 63. Kc6 Kxf5 64. Kb6 Kg5 65. Rxa5 Rxa5 66. Kxa5 Kh4 67. Kb4 Kxh3 1/2-1/2

[Event "*** Titled Tuesday Blitz AM"]
[Site "Chess.com"]
[Date "2020.01.07"]
[Round "3"]
[White "Tayson_7"]
[Black "Rap_woyska"]
[Result "0-1"]
[WhiteElo "2555"]
[BlackElo "2360"]
[TimeControl "180+2"]
[EndTime "9:39:25 PST"]
[Termination "Rap_woyska won by checkmate"]

1. e4 c5 2. Nf3 e6 3. d4 cxd4 4. Nxd4 Nc6 5. Nc3 Qc7 6. Be3 a6 7. Qf3 Nf6 8. O-O-O Ne5 9. Qg3 b5 10. f4 Neg4 11. e5 Nxe3 12. Qxe3 b4 13. exf6 bxc3 14. Be2 cxb2+ 15. Kb1 gxf6 16. Bh5 Be7 17. Qg3 Kf8 18. Bf3 Bb7 19. Qh4 h5 20. Rhe1 Bxf3 21. Nxf3 Rc8 22. Re2 f5 23. Qf2 Bf6 24. Ne5 Bxe5 25. fxe5 a5 26.
Qf4 Qc4 27. Qe3 Rc7 28. Red2 Qc5 29. Qg5 Ke8 30. Qg7 Rf8 31. Qf6 a4 32. Qh6 a3 33.
Qxh5 Qxe5 34. Qf3 d5 35. Qxa3 Qc3 36. Qa4+ Ke7 37. h4 Rfc8 38. Qf4 Qf6 39. h5 Rc4 40. Qf2 Qg5 41. Re2 Kf8 42. Rh1 Qh6 43. Qa7 Kg7 44.
Qa3 Rc3 45. Qb4 R8c4 46. Qd6 Kh7 47. Qe7 Qg7 48. h6 Qg6 49. Qf8 f4 50. Rf2 e5 51. Kxb2 Rxc2+ 52. Rxc2 Qxc2+ 53. Ka3 Qc3# 0-1

[Event "*** Titled Tuesday Blitz AM"]
[Site "Chess.com"]
[Date "2020.01.07"]
[Round "3"]
[White "KRASAVCHIK2002"]
[Black "Alexander_Moskalenko"]
[Result "1/2-1/2"]
[WhiteElo "2484"]
[BlackElo "2781"]
[TimeControl "180+2"]
[EndTime "9:39:27 PST"]
[Termination "Game drawn by repetition"]

1. e4 g6 2. h4 c5 3. h5 Bg7 4. Nc3 e6 5. d4 cxd4 6. Nb5 d6 7. Nxd4 Nc6 8. Nxc6 bxc6 9. h6 Bf6 10.
f4 Ne7 11. Be2 O-O 12. g4 c5 13. Kf2 Bb7 14. Bf3 g5 15. c3 gxf4 16. Bxf4 Ng6 17. Bxd6 Qb6 18. Bxf8 Rxf8 19. Qb3 Qc7 20. Rd1 c4 21. Qa3 Qb6+ 22. Kg2 Nf4+ 23. Kf1 Qe3 24. g5 Bxg5 25. Qd6 Bxe4 26. Qd4 Bd3+ 27. Rxd3 Qxd3+ 28. Qxd3 cxd3 29. Bd1 e5 30. Nf3 Bf6 31. Nd2 Be7 32. Nc4 e4 33. Rg1+ Ng6 34. Ne3 f5 35. Nd5 Bd8 36.
c4 Kh8 37. c5 f4 38. c6 Bb6 39. Nxb6 axb6 40. Rg5 e3 41. Rd5 e2+ 42. Bxe2 dxe2+ 43. Kxe2 Ne7 44. Rd6 f3+ 45. Kf2 Nf5 46. Re6 Nd4 47.
Rd6 Nb5 48. Rd7 Rc8 49. Kxf3 Kg8 50. Rg7+ Kf8 51. Rxh7 Rxc6 52. Ke3 Rd6 53. Ke4 Kg8 54. Rg7+ Kh8 55. Rb7 Rxh6 56. Kd5 Kg8 57. a4 Rh5+ 58.
Kc6 Nd4+ 59. Kxb6 Kf8 60. a5 Rh6+ 61. Kc5 Ne6+ 62. Kb5 Nd8 63. Rb8 Ke7 64. a6 Rh5+ 65.
Kb6 Rh6+ 66. Kb5 Rh5+ 67. Kb6 Rh6+ 68. Kb5 1/2-1/2

[Event "*** Titled Tuesday Blitz AM"]
[Site "Chess.com"]
[Date "2020.01.07"]
[Round "3"]
[White "vlad10898"]
[Black "Hikaru"]
[Result "1/2-1/2"]
[WhiteElo "2689"]
[BlackElo "3166"]
[TimeControl "180+2"]
[EndTime "9:39:28 PST"]
[Termination "Game drawn by repetition"]

1. e4 c6 2. d4 d5 3. e5 Bf5 4. Nf3 e6 5. Be2 Nd7 6. O-O Ne7 7. Nbd2 c5 8. c4 a6 9. dxc5 Nxc5 10. Nb3 Nd7 11. cxd5 exd5 12. Nbd4 Nc5 13. Nxf5 Nxf5 14. Nd4 Nxd4 15. Qxd4 Ne6 16. Qd3 Qd7 17. Be3 d4 18.
Rad1 Rd8 19. Qe4 Bc5 20. f4 Qc6 21. Qxc6+ bxc6 22. Bf2 Nxf4 23. Bxa6 Bb6 24. Bh4 d3+ 25. Kh1 Rd4 26. Bf2 g5 27. Bxd4 Bxd4 28. Bxd3 Bxe5 29.
b3 Kd7 30. Bf5+ Ke7 31. g3 Nd5 32. Rfe1 f6 33. Be4 Nc3 34. Rd2 c5 35. Bg2 h5 36.
Rc2 Nb5 37. Rxc5 Nd4 38. Rc4 Kf7 39. Bd5+ Kg7 40. Kg2 h4 41. b4 Rd8 42. Be4 g4 43. gxh4 Ne6 44. Bf5 Rd2+ 45. Kf1 Nd4 46. Bxg4 Rxh2 47.
Rxd4 Bxd4 48. Re2 Rxh4 49. Bf3 Bb6 50. b5 Rb4 51. Bc6 f5 52. Kg2 Kf6 53. Kf3 Ra4 54. Kg2 Rb4 55. Kf3 Bc7 56. Rd2 Be5 57. Rd8 Ra4 58. Rf8+ Ke6 59. Re8+ Kd6 60. Rd8+ Ke7 61. Re8+ Kf6 62. Rf8+ Kg6 63. Rg8+ Kf7 64. Re8 Ra3+ 65. Ke2 Rxa2+ 66. Kd3 Kf6 67. b6 Rb2 68. b7 Rb6 69. Bd5 Bc7 70. Kc4 Rb2 71. Kc5 Kg5 72. Kc6 Bh2 73. Bc4 Rc2 74. Kd5 Rd2+ 75. Kc6 Rc2 76. Kd5 Rb2 77. Kc6 Bg3 78. Bb5 Rc2+ 79. Kd5 Rd2+ 80. Kc4 Rc2+ 81. Kd3 Rc5 82. b8=Q Bxb8 83. Rxb8 Kf4 84. Ke2 Rc2+ 85. Kd1 Rb2 86. Rb7 Rb4 87. Bc6 Rc4 88. Bb5 Rb4 89. Bc6 Rc4 90. Bb5 Rc5 91. Be2 Re5 92. Rb3 Kg5 93. Ke1 Ra5 94. Kf2 Re5 95.
Kf3 Ra5 96. Bd3 Rd5 97. Be2 Ra5 98. Bd3 Rd5 99. Bc4 Rc5 100. Be2 Ra5 1/2-1/2

[Event "*** Titled Tuesday Blitz AM"]
[Site "Chess.com"]
[Date "2020.01.07"]
[Round "3"]
[White "TrimitziosP7"]
[Black "GeorgMeier"]
[Result "0-1"]
[WhiteElo "2719"]
[BlackElo "2965"]
[TimeControl "180+2"]
[EndTime "9:39:33 PST"]
[Termination "GeorgMeier won by resignation"]

1. Nf3 e6 2. c4 Nf6 3. b3 d5 4. Bb2 Be7 5. g3 O-O 6. Bg2 c5 7. O-O Nc6 8. d3 b6 9. e3 Bb7 10. Qe2 Qd7 11. Nc3 Rad8 12. Rac1 h6 13. Rfd1 d4 14.
exd4 Nxd4 15. Nxd4 cxd4 16. Ne4 Rfe8 17. a3 Bxe4 18. Bxe4 a5 19. Bg2 Bc5 20. Ra1 e5 21. f3 b5 22. Rab1 bxc4 23. bxc4 Rb8 24. Qc2 Rb7 25. Bc1 Reb8 26. Rxb7 Qxb7 27. Re1 Qb3 28. Qxb3 Rxb3 29. Rxe5 Bxa3 30. Bxa3 Rxa3 31. Bf1 Kf8 32. Kf2 g5 33. Be2 Ra2 34. h3 a4 35. f4 g4 36.
h4 a3 37. Ra5 h5 38. Ke1 Ke7 39. Ra7+ Kd8 40. Bd1 Nd7 41. Bb3 Ra1+ 42. Kd2 Nc5 43. Kc2 Rg1 44. Rxa3 Rxg3 45. Ra5 Rg2+ 46. Kd1 Nxb3 47.
Rxh5 Rd2+ 48. Ke1 Rxd3 49. Rg5 Re3+ 50. Kf2 Rf3+ 51. Kg2 Rxf4 52. h5 Rf6 53. Rxg4 Ke7 54. Rh4 Kf8 55. c5 Kg7 56. h6+ Kh7 57. Rh5 Rc6 58.
Rf5 f6 59. Rd5 Rxc5 60. Rd7+ Kxh6 61. Kf3 Re5 62. Kf4 Kg6 63. Rd8 Nc5 64. Rd6 Ne6+ 65. Kf3 Kf5 66. Rd7 Rc5 67. Ke2 Rc3 68. Kd2 Ke5 69.
Ra7 Nc5 70. Ra5 Kf4 71. Ra7 Ne4+ 0-1

[Event "*** Titled Tuesday Blitz AM"]
[Site "Chess.com"]
[Date "2020.01.07"]
[Round "3"]
[White "Sanan_Sjugirov"]
[Black "Zubrrr"]
[Result "1/2-1/2"]
[WhiteElo "2952"]
[BlackElo "2726"]
[TimeControl "180+2"]
[EndTime "9:39:34 PST"]
[Termination "Game drawn by agreement"]

1. Nf3 f5 2. g3 Nf6 3. Bg2 g6 4.
d4 Bg7 5. c4 O-O 6. O-O d6 7.
Nc3 Qe8 8. b4 e5 9. dxe5 dxe5 10. e4 Nxe4 11. Nxe4 fxe4 12. Ng5 Nc6 13. Nxe4 Nxb4 14.
Ba3 a5 15. Qb3 Qe7 16. Rab1 Rd8 17. Rfd1 Bg4 18. Rxd8+ Rxd8 19. h3 Be6 20. Bxb4 axb4 21. Qxb4 Rd1+ 22. Kh2 Qxb4 23. Rxb4 b6 24. Ra4 h6 25. c5 bxc5 26. Nxc5 Bf7 27. Ra8+ Kh7 28. Ra7 Rd2 29. Ne4 Rxa2 30. Rxc7 Kg8 31. Rc8+ Kh7 32. Rc7 Kg8 33. h4 Be6 34. Rc6 Bf7 35. Rc8+ Kh7 36. Rc7 Kg8 37. Bf3 Ra3 38. Kg2 Rd3 39. Rc8+ Kh7 40.
Rc6 Rd4 41. Rc7 Kg8 42. Ra7 Bd5 43. Nc5 e4 44. Be2 e3+ 45. Kf1 exf2 46. Kxf2 Rd2 47. Ke1 Rb2 48. Nd3 Bc3+ 49. Kf2 Bd4+ 50. Kf1 Rxe2 51.
Rd7 Rd2 52. Nf4 Bc4+ 53. Ke1 Bc3 54. Rxd2 g5 55. hxg5 hxg5 56. Nh3 g4 57. Nf2 Be6 58. Ke2 Bxd2 59. Kxd2 Kg7 60. Ke3 Kf6 61. Kf4 Bd7 62. Nxg4+ Bxg4 63. Kxg4 Kg6 1/2-1/2

[Event "*** Titled Tuesday Blitz AM"]
[Site "Chess.com"]
[Date "2020.01.07"]
[Round "3"]
[White "Chesswizard_2007"]
[Black "OK97"]
[Result "1/2-1/2"]
[WhiteElo "2505"]
[BlackElo "2846"]
[TimeControl "180+2"]
[EndTime "9:39:38 PST"]
[Termination "Game drawn - insufficient material"]

1. d4 Nf6 2. c4 g6 3. f3 Bg7 4. e4 d6 5. Nc3 O-O 6. Bg5 Nc6 7.
Nge2 a6 8. d5 Ne5 9. Ng3 c6 10.
Qd2 b5 11. cxb5 cxd5 12. Bxf6 exf6 13. Nxd5 f5 14. b6 fxe4 15. fxe4 Qh4 16. Qf4 Qxf4 17. Nxf4 Rb8 18. Nd5 Bb7 19. Be2 Bxd5 20. exd5 Rxb6 21. O-O Rxb2 22. Bxa6 Ra8 23. Be2 Raxa2 24. Rxa2 Rxa2 25.
Rb1 h5 26. Bf1 Ng4 27. Ne2 Be5 28. h3 Ne3 29. Nc1 Rd2 30. Nb3 Rxd5 31. Re1 Nxf1 32.
Kxf1 Rb5 33. Nc1 Kg7 34. Nd3 Bg3 35. Rc1 d5 36. Rc5 Rxc5 37. Nxc5 Kf6 38. Ke2 Bd6 39.
Nd3 Kf5 40. Kf3 h4 41. Nf2 Be5 42. Nd1 f6 43. Ke3 Ke6 44. Nf2 f5 45. Nd1 g5 46.
Nf2 Bc7 47. Nd3 Bb6+ 48. Kf3 Ba7 49. g3 hxg3 50. Kxg3 Kf6 51. Kf3 Kg6 52. Ne5+ Kh5 53. Nc6 Bc5 54. Nd8 Kh4 55. Ne6 Be7 56. Ng7 Kxh3 57.
Nxf5 g4+ 58. Kf4 Bb4 59. Ke5 Kg2 60. Ne3+ Kf3 61. Nxg4 Kxg4 62. Kxd5 1/2-1/2

[Event "*** Titled Tuesday Blitz AM"]
[Site "Chess.com"]
[Date "2020.01.07"]
[Round "3"]
[White "RojonR"]
[Black "GMHess"]
[Result "0-1"]
[WhiteElo "2452"]
[BlackElo "2726"]
[TimeControl "180+2"]
[EndTime "9:39:40 PST"]
[Termination "GMHess won by resignation"]

1. e4 d6 2. d4 Nf6 3. Nc3 c6 4. f4 Qa5 5. Bd3 d5 6. e5 Ne4 7. Bxe4 dxe4 8. Ne2 f5 9. g4 e6 10. Ng3 g6 11. Be3 Bb4 12. Qd2 Nd7 13. a3 Bxc3 14. Qxc3 Qxc3+ 15. bxc3 Nb6 16. Kf2 Nc4 17. h4 h5 18.
gxh5 gxh5 19. Rhg1 a5 20. a4 Kf7 21. Ne2 Bd7 22. Rg5 Rag8 23. Rag1 b5 24. axb5 cxb5 25. d5 exd5 26. Nd4 Rxg5 27. hxg5 Re8 28. Ke2 a4 29.
Bf2 Kg6 30. Bh4 a3 31. Nb3 Ra8 32. Ra1 Be8 33. Nc5 Rc8 34. Nb3 Ra8 35. Nc5 Nb2 36. Nb3 Ra4 37. Kd2 Nc4+ 38. Ke2 Bc6 39. Nc5 Ra8 40.
Nb3 b4 41. cxb4 Ba4 42. Be1 Bxb3 43. cxb3 Nb6 44. Ra2 Nc8 45. Bc3 Ne7 46. Bd4 h4 47. b5 h3 48. Ke3 Kh5 49. b6 Nc6 50.
Bc5 d4+ 51. Kf2 d3 52. Be3 Kg4 53. b7 Ra5 54. g6 h2 55. Kg2 Rb5 56. g7 Ne7 57.
Rxa3 Rxb7 58. Kxh2 Kf3 59. Bc5 Ng8 60. b4 Rxg7 61.
b5 Nh6 62. b6 Ng4+ 63. Kg1 Ne3+ 64. Kh2 Nf1+ 65. Kh1 Ng3+ 66. Kg1 Rh7 0-1

[Event "*** Titled Tuesday Blitz AM"]
[Site "Chess.com"]
[Date "2020.01.07"]
[Round "3"]
[White "Rhinos1"]
[Black "WelshTiger"]
[Result "0-1"]
[WhiteElo "2131"]
[BlackElo "2382"]
[TimeControl "180+2"]
[EndTime "9:39:46 PST"]
[Termination "WelshTiger won by resignation"]

1. d4 Nf6 2. Nf3 g6 3. g3 Bg7 4. Bg2 O-O 5. O-O d6 6. c4 c6 7.
Nc3 Bf5 8. b3 Ne4 9. Bb2 Nxc3 10.
Bxc3 d5 11. Rc1 Be4 12. Bh3 Bxf3 13. exf3 e6 14. Re1 Nd7 15. Ba1 Nf6 16. Rc2 Qd7 17. Bb2 a5 18. Ba3 Rfc8 19. c5 Ne8 20. Bf1 Nc7 21.
Bc1 Re8 22. f4 Rec8 23. Re3 Ne8 24. Rd3 Nf6 25. Bg2 Ne4 26. f3 Nf6 27. g4 Re8 28.
Bd2 Qc7 29. Qe1 Nd7 30. h4 a4 31. b4 b6 32. cxb6 Nxb6 33. a3 Nc4 34. Bc1 Qa7 35. Qf2 Qa6 36. Rd1 Qb6 37. Bf1 Nd6 38. Be3 h5 39. Rdc1 Rac8 40. Bh3 hxg4 41. fxg4 Ne4 42. Qe1 Bxd4 43. Bxd4 Qxd4+ 44. Kg2 c5 45. Qg1 Qd3 46. Kh2 c4 47. Bg2 Qg3+ 48. Kh1 Qxh4+ 49. Bh3 Qxh3+ 50. Rh2 Qf3+ 51. Rg2 Kg7 52. Qd4+ f6 53. g5 Rh8+ 54. Kg1 Rh3 55. gxf6+ Kf7 56. Re1 Rch8 57. Qa7+ Kxf6 58. Qd4+ Kf7 59. Qa7+ Kg8 60. Qb8+ Kh7 61. Qe5 Rf8 62.
Qxe6 Rh6 63. Qe7+ Kg8 64. f5 Qxf5 65. Rd1 Qh3 66. Qe6+ Qxe6 0-1

[Event "*** Titled Tuesday Blitz AM"]
[Site "Chess.com"]
[Date "2020.01.07"]
[Round "3"]
[White "bhavesh1810"]
[Black "rquery98"]
[Result "0-1"]
[WhiteElo "2012"]
[BlackElo "2529"]
[TimeControl "180+2"]
[EndTime "9:39:50 PST"]
[Termination "rquery98 won by checkmate"]

1. e4 e5 2. Nf3 Nc6 3. Bc4 Bc5 4.
O-O Nf6 5. d3 O-O 6. Nbd2 d5 7.
exd5 Nxd5 8. h3 Re8 9. Ne4 Bf8 10. Re1 f6 11. d4 exd4 12. Bxd5+ Qxd5 13. Nxf6+ gxf6 14. Rxe8 Kf7 15. Re1 Bd6 16. c3 Be6 17.
Nxd4 Nxd4 18. Qxd4 Qc6 19. Qe4 Qxe4 20. Rxe4 Rg8 21.
Bf4 Bd5 22. Bxd6 Bxe4 23. Bg3 h5 24. Re1 Bd5 25. h4 Bxa2 26. Bxc7 Bd5 27. g3 Rc8 28. Bd6 Rc6 29. Ba3 Be6 30. Rd1 a6 31. f3 b5 32. Kf2 Bf5 33. Rd8 Bg6 34. Rf8+ Ke6 35. Rd8 Bf7 36. g4 a5 37. Kg3 Rc4 38. Rd6+ Ke5 39.
Rb6 Be8 40. Bd6+ Kd5 41. Bf4 b4 42. cxb4 axb4 43. Rxf6 hxg4 44. fxg4 Rc2 45. h5 Rxb2 46. h6 Rb3+ 47. Kh4 Rb1 48. Kg5 Rh1 49. Rf8 Bb5 50. Rb8 Kc6 51. Rc8+ Kd5 52. Rc1 Rh3 53. Kg6 Bd3+ 54. Kg7 b3 55. Rd1 b2 56. g5 Ke4 57.
h7 Kxf4 58. Rxd3 Rxh7+ 59. Kxh7 b1=Q 60. g6 Qxd3 61. Kh8 Qd8+ 62. Kh7 Qe7+ 63. g7 Kg5 64. Kh8 Qf6 65. Kh7 Qh6+ 66. Kg8 Qe6+ 67. Kf8 Qf6+ 68.
Kg8 Kg6 69. Kh8 Qxg7# 0-1

[Event "*** Titled Tuesday Blitz AM"]
[Site "Chess.com"]
[Date "2020.01.07"]
[Round "3"]
[White "Zarikovs1999"]
[Black "AleksibFan"]
[Result "1-0"]
[WhiteElo "2361"]
[BlackElo "2591"]
[TimeControl "180+2"]
[EndTime "9:40:00 PST"]
[Termination "Zarikovs1999 won on time"]

1. e4 d5 2. exd5 Qxd5 3. Nc3 Qd6 4. Nf3 Nf6 5. d4 a6 6. g3 Bg4 7. Bg2 Nc6 8. Bf4 Qb4 9. Bxc7 Qxb2 10. Ne2 Nd5 11. Bf4 Nxf4 12. Nxf4 e5 13. Ne2 exd4 14. O-O Bc5 15. Rb1 Qxa2 16. Rxb7 O-O 17. h3 Be6 18. Nf4 Bc4 19. Re1 Rfe8 20. Nd3 Bf8 21. Nd2 Bd5 22.
Nc1 Qa5 23. Ncb3 Bxb3 24. Rxe8 Rxe8 25. Rxb3 Qc5 26. Kh2 Ne5 27. Ne4 Qc4 28. Bf1 Qd5 29.
Bg2 Qd8 30. Qa1 d3 31. cxd3 Nxd3 32. Qf1 Ne5 33. Qxa6 Ng6 34. Qf1 Re6 35. Rd3 Qe8 36.
Nc3 Re1 37. Rd8 Qe7 38. Qd3 Ne5 39. Qd2 Nc4 40. Qd3 Ne5 41. Qd2 g6 42. Ra8 Nc4 43.
Qd3 Nb2 44. Qd2 Nc4 45. Qd3 Nb6 46. Rb8 Nd7 47. Nd5 Qe6 48. Rd8 Ne5 49. Qd2 Nc4 50. Qd3 Nd6 51. Nf4 Qf6 52. Ra8 Ra1 53. Rxa1 Qxa1 54.
Bd5 Qb2 55. Qf3 Nf5 56. Kg2 Bc5 57. Nd3 Qd4 58. Nxc5 Qxc5 59. Qb3 Nd6 60. Qf3 Kg7 61. h4 h6 62. Ba8 Qd4 63. Bd5 Qe5 64. Bc6 Nf5 65.
Bd5 Nd4 66. Qxf7+ 1-0

[Event "*** Titled Tuesday Blitz AM"]
[Site "Chess.com"]
[Date "2020.01.07"]
[Round "3"]
[White "AminMolaei"]
[Black "Batica1984"]
[Result "0-1"]
[WhiteElo "2548"]
[BlackElo "2797"]
[TimeControl "180+2"]
[EndTime "9:40:05 PST"]
[Termination "Batica1984 won on time"]

1. d4 Nf6 2. c4 c5 3. d5 b5 4. cxb5 a6 5. bxa6 g6 6. Nc3 Bxa6 7. e4 Bxf1 8. Kxf1 d6 9. g3 Bg7 10. Kg2 O-O 11. Nge2 Na6 12. h3 Qb6 13. a4 Nb4 14.
Ra3 Qa6 15. Nb5 Nxe4 16. Nc7 Qb7 17. Nxa8 Nxd5 18. f3 Nef6 19. a5 Rxa8 20. Qa4 Qa6 21. Re1 Nb4 22. Nc3 Nd3 23. Rd1 Rb8 24. Rxd3 Qxd3 25.
a6 Nd5 26. Qe4 Qxe4 27. fxe4 Bxc3 28. a7 Ra8 29. bxc3 Nc7 30. e5 Kf8 31. exd6 exd6 32. c4 Ke7 33. Bf4 Kd7 34. Rd3 Ne8 35. Ra3 Kc7 36.
Re3 Kd7 37. Ra3 Nc7 38. Rd3 Rxa7 39. Bxd6 Kc6 40. Be5 Ne8 41. Rd8 Re7 42. Bf4 Ng7 43. Rd6+ Kb7 44. Rd5 Ne6 45. Be5 Kb6 46. Rd6+ Ka5 47. Bc3+ Ka4 48. Rb6 Rd7 49. Be1 Rd1 50. Kf2 Rd4 51. Rb7 Nd8 52. Rb8 f5 53. Kf1 Ne6 54.
Rb6 Ng5 55. h4 Ne4 56. Rb7 Rxc4 57. Rxh7 Rd4 58. Rg7 Rd6 59. Ke2 Kb3 60. Ke3 c4 61. g4 c3 62. Rb7+ Kc2 63. gxf5 gxf5 64. Rc7 Nd2 65. Kf4 Kd3 66. h5 c2 67. Kxf5 Nc4 0-1